 Dungeon Crawl Stone Soup version 0.28-a0-1624-g820543e53a (webtiles) character file.

Game seed: 5172269637044706912

67 HallandMoats the Skirmisher (level 4, -1/40 HPs)
             Began as a Ghoul Fighter on Jan 23, 2022.
             Slain by a goblin (5 damage)
             ... led by Robin
             ... on level 2 of the Dungeon.
             The game lasted 00:02:14 (1349 turns).

HallandMoats the Skirmisher (Ghoul Fighter)         Turns: 1349, Time: 00:02:15

Health: -1/40      AC:  6    Str: 19    XL:     4   Next: 16%
Magic:  4/4        EV:  9    Int:  5    God:
Gold:   80         SH:  4    Dex:  8    Spells: 3/3 levels left

rFire   . . .      SeeInvis .   b - +4 whip
rCold   + . .      Faith    .   i - +0 buckler
rNeg    + + +      Spirit   .   a - +0 scale mail
rPois   ∞          Reflect  .   (no helmet)
rElec   .          Harm     .   (no cloak)
rCorr   .          Rampage  .   (no gloves)
Will    .....                   (no boots)
Stlth   ..........              (no amulet)
HPRegen 0.00/turn               (no ring)
MPRegen 0.09/turn               (no ring)

@: mighty, inhibited regen
A: claws 1, cold resistance 1, negative energy resistance 3, inhibited
regeneration, torment resistance 2
a: no special abilities


You were on level 2 of the Dungeon.
You visited 1 branch of the dungeon, and saw 2 of its levels.

You collected 80 gold pieces.

Inventory:

Hand Weapons
 b - a +4 whip (weapon)
Armour
 a - a +0 scale mail (worn)
 i - a +0 buckler (worn)
Jewellery
 e - a ring of wizardry
Scrolls
 d - a scroll of immolation {unknown}
 j - a scroll of identify {unknown}
 k - a scroll of blinking {unknown}
Potions
 h - a potion of haste {unknown}


   Skills:
 * Level 3.9 Fighting
 * Level 0.6 Maces & Flails
 * Level 0.7 Slings
 + Level 2.9 Armour
 + Level 1.0 Dodging
 + Level 2.9 Shields
 - Level 2.1 Unarmed Combat
 + Level 1.3 Invocations


You had 3 spell levels left.
You didn't know any spells.
Your spell library was empty.

Dungeon Overview and Level Annotations

Branches:
Dungeon (2/15)

Altars:
Xom

Annotations:
D:2 Robin


Innate Abilities, Weirdness & Mutations

You thrive by killing the living.
You are immune to poison.
You have sharp fingernails.
Your flesh is cold resistant. (rC+)
You are immune to negative energy. (rN+++)
You do not regenerate when monsters are visible.
You are immune to unholy pain and torment.


Message History

* * * LOW HITPOINT WARNING * * *
The goblin hits you but does no damage. Robin hits you with a +0 whip.
* * * LOW HITPOINT WARNING * * *
The goblin hits you with a +0 dagger.
* * * LOW HITPOINT WARNING * * *
You hit the goblin.
You kill the goblin!
You feel better. You block the goblin's attack. Robin barely misses you.
You block the goblin's attack. The goblin barely misses you.
Things that are here:
a +0 dagger; a goblin corpse The goblin hits you with a +0 dagger.
* * * LOW HITPOINT WARNING * * *
It was a potion of curing.
You feel better.
The goblin no longer looks unusually strong.
The goblin hits you but does no damage. You block the goblin's attack.
The goblin unwields a +0 dagger.
The goblin wields a +0 hunting sling.
The goblin shoots a stone.
The stone hits you but does no damage.
Robin roars a battlecry!
The goblin goes into a battle-frenzy!
The goblin unwields a +0 dagger.
The goblin wields a +0 hunting sling.
The goblin shoots a sling bullet.
The sling bullet hits you.
* * * LOW HITPOINT WARNING * * *
You feel very mighty all of a sudden.
The goblin no longer looks unusually strong.
The goblin shoots a stone.
The stone hits you.
* * * LOW HITPOINT WARNING * * *
Robin throws the goblin at you!
* * * LOW HITPOINT WARNING * * *
The goblin unwields a +0 hunting sling.
The goblin wields a +0 dagger.
The goblin hits you but does no damage.
You whack the goblin!
You kill the goblin!
You feel better.
Robin roars a battlecry!
The goblin goes into a battle-frenzy!
You barely miss the goblin.
The goblin unwields a +0 hunting sling.
The goblin wields a +0 dagger.
The goblin hits you with a +0 dagger.
You die...

#..# ##.#... #.#
#.#... #.##)###
#<#... #.....#
#.##># #####)#
#.##.# #####.######
#.##.#
#...).g....####.##..
###gK...#.#.#.....##
#@.....###......#
#)...†## ##.....#
#......###......#
###.....#.#.#.....#
#............#######
#.#####.............
# #.##.#.#######
#.##.#.# #.##.#.#


You could see Robin, a goblin (strong) and a kobold.

Vanquished Creatures
  A gnoll (D:1)
  An adder (D:2)
  A worm (D:2)
  3 dart slugs
  2 endoplasms (D:2)
  4 giant cockroaches
  13 goblins
  A hobgoblin (D:1)
  A kobold (D:2)
  A quokka (D:1)
  3 ball pythons
  A bat (D:2)
  A frilled lizard (D:1)
  4 rats
37 creatures vanquished.

Vanquished Creatures (others)
  2 fungi (D:2)
2 creatures vanquished.

Grand Total: 39 creatures vanquished

Notes
Turn   | Place    | Note
-------+----------+-------------------------------------------
     0 | D:1      | HallandMoats the Ghoul Fighter began the quest for the Orb.
     0 | D:1      | Reached XP level 1. HP: 19/19 MP: 0/0
   147 | D:1      | Reached XP level 2. HP: 26/26 MP: 1/1
   629 | D:1      | Reached skill level 1 in Invocations
   629 | D:1      | Reached XP level 3. HP: 23/33 MP: 2/2
  1013 | D:2      | Found a shimmering altar of Xom.
  1254 | D:2      | Noticed Robin
  1290 | D:2      | Reached XP level 4. HP: 36/40 MP: 2/4
  1292 | D:2      | Reached skill level 1 in Dodging
  1347 | D:2      | HP: 1/40 [Robin/goblin (3)]
  1349 | D:2      | Slain by a goblin

Illustrated notes

Levels and vault maps discovered:
D:1:      grunt_arrival_lava_bath, layout_basic
D:2:      layout_loops_ring, basic_altar, uniq_crazy_yiuf_cottage, uniq_robin

Skill      XL: |  1  2  3  4 |
---------------+-------------+-----
Invocations    | 1 |  1.3
Dodging        | 1 |  1.0
Fighting       | |  3.9
Maces & Flails | |  0.6
Slings         | |  0.7
Armour         | |  2.9
Shields        | |  2.9
Unarmed Combat | |  2.1

Action                   |  1- 3 |  4- 6 || total
-------------------------+-------+-------++-------
Melee: Unarmed           |    57 |       ||    57
       Whip              |    35 |    32 ||    67
  Use: Potion            |       |     3 ||     3
Armor: Scale mail        |    29 |    27 ||    56
Dodge: Dodged            |    37 |    25 ||    62
Block: Buckler           |    11 |    15 ||    26

Table legend: (Time is in decaauts)
 A = Elapsed time spent in this place.
 B = Non-inter-level travel time spent in this place.
 C = Inter-level travel time spent in this place.
 D = Time resting spent in this place.
 E = Time spent auto-exploring this place.
 F = Levels seen in this place.
 G = Mean time per level.
                   A        B        C        D        E       F      G
               +--------+--------+--------+--------+--------+-----+--------+
         Total |   1357 |   1340 |     17 |     13 |   1075 |   2 |  678.5 |
       Dungeon |   1357 |   1340 |     17 |     13 |   1075 |   2 |  678.5 |
               +--------+--------+--------+--------+--------+-----+--------+

Top non-repeatable levels by time:
     D:1: 969 daAuts
     D:2: 387 daAuts
